Map: Overgrowth LE (Void)

Players

IlIllIllIlIl - Winner!

  • Race: Protoss Protoss
  • League: Grandmaster
  • Spawn Location: 1:00

MaZWaRrIoR

  • Race: Terran Terran
  • League: Diamond
  • Spawn Location: 7:00

VOD

Have the link to the VOD?

Description

Time

  • Played on: Dec. 5, 2016, 3:55 a.m.
  • Length: 10:51
Show
View Real Time Build Order
Export as new Build Order

IlIllIllIlIl Protoss - Winner!

Build Orders: 1 Gate Expand, Blink Stalkers 

Get SALT Encoding   

  12  0:00  Probe (Chrono Boost)  
  13  0:11  Probe (Chrono Boost)  
  14  0:20  Pylon  
  14  0:22  Probe (Chrono Boost)  
  15  0:38  Gateway, Probe (Chrono Boost)  
  16  0:44  Assimilator  
  16  0:49  Probe (Chrono Boost)  
  17  1:00  Probe (Chrono Boost)  
  18  1:10  Probe (Chrono Boost)  
  19  1:18  Nexus  
  19  1:21  Probe (Chrono Boost)  
  20  1:31  Cybernetics Core  
  20  1:34  Probe (Chrono Boost)  
  20  1:39  Assimilator  
  21  1:45  Probe (Chrono Boost)  
  22  1:49  Pylon  
  22  1:55  Probe (Chrono Boost)  
  23  2:08  Mothership Core (Chrono Boost), Adept  
  27  2:18  Warp Gate  
  27  2:30  Probe (Chrono Boost)  
  27  2:31  Probe (Chrono Boost)  
  29  2:37  Adept  
  29  2:41  Probe x2 (Chrono Boost)  
  33  2:50  Robotics Facility  
  33  2:51  Probe (Chrono Boost)  
  33  2:56  Probe (Chrono Boost)  
  35  2:59  Twilight Council  
  35  3:02  Probe (Chrono Boost)  
  36  3:07  Adept  
  38  3:13  Pylon  
  38  3:16  Gateway  
  38  3:17  Probe (Chrono Boost)  
  38  3:19  Probe (Chrono Boost)  
  40  3:27  Gateway  
  40  3:30  Probe (Chrono Boost)  
  40  3:32  Probe (Chrono Boost)  
  42  3:38  Blink (Chrono Boost)  
  42  3:43  Observer  
  42  3:44  Probe (Chrono Boost)  
  42  3:46  Probe (Chrono Boost)  
  45  3:51  Pylon  
  45  3:55  Probe (Chrono Boost)  
  46  3:56  Probe (Chrono Boost)  
  46  3:58  Assimilator  
  47  4:04  Observer  
  47  4:05  Probe (Chrono Boost)  
  47  4:08  Probe (Chrono Boost)  
  50  4:16  Probe (Chrono Boost)  
  51  4:17  Probe (Chrono Boost)  
  51  4:23  Stalker x2  
  56  4:24  Stalker  
  56  4:28  Probe  
  59  4:35  Probe  
  59  4:36  Nexus  
  59  4:37  Pylon  
  61  4:38  Observer  
  61  4:43  Probe  
  62  4:46  Assimilator  
  62  4:56  Stalker  
  62  4:57  Stalker x2  
  68  5:07  Probe  
  68  5:12  Pylon  
  69  5:38  Forge  
  69  5:39  Forge  
  69  5:42  Pylon  
  69  5:43  Probe  
  69  5:45  Immortal  
  69  5:46  Probe  
  69  5:47  Probe  
  76  5:52  Gateway  
  76  5:53  Gateway  
  76  5:54  Gateway  
  76  5:56  Gateway  
  76  5:58  Probe  
  76  5:59  Probe x2  
  79  6:10  Probe  
  80  6:11  Protoss Ground Weapons Level 1 (Chrono Boost)  
  80  6:13  Protoss Ground Armor Level 1 (Chrono Boost)  
  80  6:20  Adept x3  
  80  6:21  Probe  
  80  6:22  Probe  
  88  6:36  Pylon  
  88  6:42  Adept x3  
  88  6:45  Resonating Glaives  
  94  6:47  Robotics Bay  
  68  7:10  Probe  
  68  7:11  Probe x2  
  69  7:16  Stalker  
  69  7:17  Stalker x2  
  69  7:20  Probe  
  76  7:23  Probe x2  
  82  7:31  Probe  
  82  7:32  Pylon  
  82  7:34  Pylon, Extended Thermal Lance, Colossus  
  82  7:35  Probe x2  
  82  7:36  Pylon  
  87  7:41  Probe  
  88  7:47  Adept x4, Probe  
  88  7:48  Probe  
  88  7:49  Sentry  
  100  7:52  Probe, Sentry  
  103  7:59  Protoss Ground Weapons Level 2 (Chrono Boost)  
  103  8:03  Protoss Ground Armor Level 2 (Chrono Boost)  
  103  8:19  Stalker x2  
  101  8:20  Stalker x3  
  107  8:33  Probe  
  96  8:34  Probe x2  
  96  8:39  Nexus  
  96  8:41  Pylon, Stalker  
  96  8:45  Stalker x2  
  102  8:52  Probe x2  
  102  8:54  Assimilator  
  104  8:55  Assimilator  
  104  8:58  Colossus  
  110  9:12  Adept x5  
  110  9:13  Adept  
  122  9:19  Pylon, Probe x2  
  124  9:24  Pylon  
  124  9:28  Pylon  
  124  9:30  Pylon  
  124  9:37  Probe  
  125  9:43  Adept x3  
  131  9:51  Colossus  
  137  10:03  Stalker x6  
  149  10:26  Sentry x2  
  149  10:27  Gateway, Stalker x3, Sentry  
  149  10:28  Gateway  
  161  10:30  Gateway  
  161  10:33  Gateway  
Show
View Real Time Build Order
Export as new Build Order

MaZWaRrIoR Terran 

Build Orders: MMM Bio 

Get SALT Encoding   

  12  0:01  SCV  
  13  0:13  SCV  
  14  0:18  Supply Depot  
  14  0:25  SCV  
  15  0:39  SCV  
  16  0:44  Barracks  
  16  0:47  Refinery  
  16  0:51  SCV  
  17  1:03  SCV  
  18  1:16  SCV  
  19  1:31  Orbital Command  
  19  1:32  Marine  
  20  1:44  Command Center  
  20  1:53  Barracks Reactor  
  20  1:56  Supply Depot  
  20  1:58  SCV  
  21  2:06  Factory  
  21  2:10  SCV  
  21  2:12  Refinery  
  22  2:22  SCV  
  23  2:30  Marine x2  
  25  2:38  SCV  
  26  2:50  Widow Mine, Marine x2  
  30  2:53  Starport  
  30  2:54  SCV  
  30  2:57  Orbital Command  
  31  3:05  Engineering Bay  
  31  3:09  Marine x2, SCV  
  34  3:21  Widow Mine  
  34  3:23  SCV  
  37  3:27  SCV  
  37  3:29  Marine x2  
  37  3:30  Medivac  
  42  3:37  SCV  
  43  3:43  SCV  
  44  3:50  Terran Infantry Weapons Level 1  
  44  3:53  Missile Turret  
  44  3:55  Missile Turret  
  44  3:58  Marine x2  
  44  4:00  Factory Tech Lab  
  46  4:09  SCV x2, Medivac, Supply Depot  
  50  4:23  Marine x2  
  52  4:28  Liberator  
  52  4:29  Barracks x2  
  52  4:30  Supply Depot  
  52  4:31  Siege Tank  
  55  4:37  SCV x2  
  57  4:41  Supply Depot  
  60  4:48  Marine x2  
  62  4:57  SCV x2  
  62  5:09  Siege Tank  
  62  5:11  SCV x2  
  62  5:12  Supply Depot  
  62  5:29  Barracks Tech Lab x2  
  62  5:30  Marine x2  
  62  5:31  Starport Reactor  
  62  5:40  SCV x2  
  62  5:42  Refinery  
  64  5:43  Refinery  
  64  5:50  Supply Depot  
  64  5:52  Combat Shields, Supply Depot  
  64  5:55  Marine x4, Command Center  
  68  6:02  Missile Turret, Stimpack  
  68  6:05  Missile Turret  
  65  6:21  SCV x2  
  67  6:36  Marine x4  
  71  6:44  Liberator x2  
  69  6:58  Marine, SCV x2  
  69  6:59  Marine, Marauder x2  
  80  7:03  Barracks  
  80  7:05  Barracks  
  63  7:21  Marine x2, Marauder x2  
  69  7:28  Liberator x2  
  69  7:30  Orbital Command  
  69  7:35  Missile Turret, SCV x2  
  71  7:40  Marine  
  71  7:41  Marine  
  71  7:42  Terran Infantry Armor Level 1  
  73  7:47  Siege Tank  
  73  7:51  Supply Depot  
  82  7:53  SCV x2  
  84  8:05  Barracks Reactor  
  84  8:06  Bunker  
  84  8:08  Bunker  
  82  8:27  Liberator x2  
  82  8:29  Marine x2, Marauder x2  
  69  8:38  SCV x2  
  64  8:41  Refinery x2  
  64  8:43  Marine x2  
  64  8:47  Engineering Bay, Marine x2  
  75  8:48  SCV, Barracks Reactor  
  75  8:49  Concussive Shells, Armory  
  75  8:50  Marauder  
  75  8:51  Marauder  
  75  8:52  SCV  
  75  8:53  SCV  
  81  9:04  Siege Tank  
  81  9:07  SCV x2  
  86  9:12  Marauder  
  86  9:16  Factory  
  88  9:23  SCV x3  
  91  9:39  SCV x3  
  91  9:41  Marine x4, Marauder x2  
  102  9:46  Supply Depot x2  
  102  9:48  Supply Depot  
  102  9:51  Supply Depot  
  101  9:53  SCV x3  
  103  10:00  Sensor Tower, Factory Reactor  
  103  10:01  Widow Mine  
  103  10:02  Marauder  
  103  10:07  Marine x4, Marauder  
  109  10:08  SCV x2  
  109  10:09  SCV  
  114  10:24  Marauder  
  116  10:32  Marine x2  
  116  10:33  Marine x2  
Tags
 
Add a new tag
Caveats
  • Supply blocks, unpowered buildings, or Contaminate may cause inaccurate times.
  • Supply counts are checked every 10 seconds.